 Dungeon Crawl Stone Soup version 0.30-a0-1050-g2766ea1e55 (console) character file.

Game seed: 11648395600456264316

7590 Kenran the Grappler (level 10, -2/102 HPs)
             Began as a Troll Fighter on Apr 11, 2023.
             Was an Elder of Okawaru.
             Slain by Erica
             ... wielding a +3 scimitar of flaming
              (4 damage)
             ... on level 8 of the Dungeon.
             The game lasted 00:22:56 (6072 turns).

Kenran the Grappler (Troll Fighter)                 Turns: 6072, Time: 00:22:57

Health: -2/102     AC: 10    Str: 28    XL:     10   Next: 97%
Magic:  11/11      EV: 11    Int:  4    God:    Okawaru [****..]
Gold:   464        SH: 15    Dex: 16    Spells: 9/9 levels left

rFire   . . .      SeeInvis .      - Unarmed
rCold   . . .      Faith    .    m - +5 kite shield of Oschawn {Dex+5}
rNeg    . . .      Spirit   .    a - +0 robe
rPois   +          Reflect  .    d - +2 hat
rElec   .          Rampage  .    (no cloak)
rCorr   .                        (gloves unavailable)
Will    .....                    (boots unavailable)
Stlth   +                        (no amulet)
HPRegen 1.17/turn                n - ring of poison resistance
MPRegen 0.12/turn                A - +4 ring of protection

@: slowed, very slow
A: large, unfitting armour, claws 3, regeneration 1, shaggy fur 1, tough skin 1
a: Renounce Religion, Heroism, Finesse


You were on level 8 of the Dungeon.
You worshipped Okawaru.
Okawaru was greatly pleased with you.
You visited 2 branches of the dungeon, and saw 9 of its levels.

You collected 464 gold pieces.

Inventory:

Hand Weapons
 p - a +3 falchion of flaming
 r - a +2 morningstar of draining
 L - a +2 whip of electrocution
Missiles
 g - 79 stones (quivered)
 i - 8 boomerangs
 q - 2 poisoned darts
 s - 3 atropa-tipped darts
 x - a throwing net
 D - 2 silver javelins
Armour
 a - a +0 robe (worn)
 d - a +2 hat (worn)
 m - the +5 kite shield of Oschawn (worn) {Dex+5}
   (You acquired it on level 4 of the Dungeon)

   Dex:       It affects your dexterity (+5).
Jewellery
 h - an amulet of guardian spirit
 n - a ring of poison resistance (left claw)
 u - a ring of see invisible
 A - a +4 ring of protection (right claw)
 H - a ring of flight
Wands
 k - a wand of mindburst (16)
 F - a wand of iceblast (8)
 I - a wand of paralysis (4)
Scrolls
 f - a scroll of enchant weapon
 o - a scroll of fear {unknown}
 t - a scroll of fog
 v - 3 scrolls of teleportation
 y - a scroll of vulnerability {unknown}
 B - 2 scrolls of amnesia
 E - a scroll of blinking {unknown}
 K - a scroll of identify {@r1}
Potions
 b - a potion of might
 c - 3 potions of attraction {!q}
 e - 2 potions of ambrosia
 j - 2 potions of brilliance
 l - a potion of flight
 w - a potion of haste
 z - a potion of cancellation
 G - a potion of magic {unknown}
 J - a potion of mutation {unknown}


   Skills:
 - Level 7.0 Fighting
 - Level 4.0 Throwing
 - Level 5.0 Dodging
 - Level 5.0 Shields
 + Level 11.8 Unarmed Combat
 - Level 3.0 Invocations
 - Level 2.0 Evocations


You had 9 spell levels left.
You didn't know any spells.
Your spell library contained the following spells:

 Spells                   Type           Power      Damage    Failure   Level
 Necrotise                Necr           0%         1d4       77%         1
 Ignite Poison            Fire/Tmut/Pois 0%         N/A       98%         3
 Vampiric Draining        Necr           0%         2d6       98%         3
 Sticky Flame             Conj/Fire      0%         2d3       100%        4
 Agony                    Necr           0%         N/A       100%        5
 Ignition                 Fire           0%         3d3       100%        8
 Summon Small Mammal      Summ           Unusable   N/A       N/A         1
 Call Canine Familiar     Summ           Unusable   N/A       N/A         3
 Summon Guardian Golem    Hex/Summ       Unusable   N/A       N/A         3

Dungeon Overview and Level Annotations

Branches:
Dungeon (8/15)             Temple (1/1) D:6            Lair (0/5) D:8

Altars:
Ashenzari
Cheibriados
Dithmenos
Elyvilon
Gozag
Hepliaklqana
Kikubaaqudgha
Makhleb
Okawaru
Qazlal
Ru
Sif Muna
Uskayaw
Vehumet
Wu Jian
Xom
Yredelemnul
Zin
The Shining One

Annotations:
D:5 exclusion: upstairs
D:7 exclusion: downstairs
D:8 Erica, Joseph
Temple 2 transporters


Innate Abilities, Weirdness & Mutations

You are too large for most types of armour.
You have claws for hands.
Your natural rate of healing is unusually fast.
You are covered in fur. (AC +1)
You have tough skin. (AC +1)


Message History

It was a potion of brilliance.
You feel clever all of a sudden. Something hits you! Something burns you.
You are too confused!
You miss something. Something hits you but does no damage.
Joseph says, "I'm here to kill trespassers.
I like my job."
Joseph shoots a sling bullet.
The sling bullet hits you! Something hits you. Something burns you.
Joseph shoots a sling bullet.
The sling bullet hits you.
You're too confused to move!
Something hits you. Something burns you.
Joseph shoots a sling bullet.
The sling bullet hits you!
You bump into the rock wall.
You hear some strange, mumbled words.
You feel as though you will be slow longer.
Joseph shoots a sling bullet.
The sling bullet barely misses you. Something hits you! Something burns you.
Joseph shoots a sling bullet.
It was a potion of flight.
You feel very buoyant.
You fly up into the air.
You feel less confused. Something hits you. Something burns you.
Joseph shoots a sling bullet.
It was a potion of cancellation.
Your magical effects are unravelling.
You feel magically purged.
You feel yourself speed up.
You float gracefully downwards.
You feel a little less clever now. Something hits you!
* * * LOW HITPOINT WARNING * * *
Something burns you.
* * * LOW HITPOINT WARNING * * *
You hear some strange, mumbled words.
You feel yourself slow down.
Joseph shoots a sling bullet.
The sling bullet hits you!
* * * LOW HITPOINT WARNING * * *
Okay, then.
Okay, then.
It was a potion of curing.
You feel better. Something hits you!
* * * LOW HITPOINT WARNING * * *
Something burns you.
You die...

#.# #.# #.# ##.# ###
.#.# ..# .#.# #.#
.#.# #.#
.#.##########.####.##
.#..........#.@....<#
.##########.######.#
....)...........@{@#
##..#######.########
....>.....#.#
.#.#.####.#.#
...#.####.#.#
).........#.#
...#.######.#
............#
####.############
................#
####.##########.#


You could see Joseph.

Vanquished Creatures
  A skeletal warrior (D:8)
  Pikel (D:8)
  Psyche (D:8)
  A spectral unseen horror (D:8)
  Sigmund (D:2)
  5 yaks (D:4)
  A wraith (D:8)
  5 wyverns (D:8)
  An unseen horror simulacrum (D:8)
  2 steam dragons (D:6)
  A basilisk (D:8)
  5 water moccasins
  4 orc warriors
  3 ice beasts
  4 black bears
  An ogre (D:5)
  A wolf (D:8)
  3 lemures (D:8)
  The ghost of Necrophagist the Insei, an amateur OpTm (D:6)
  2 phantoms
  2 bullfrogs (D:7)
  7 scorpions
  8 wights
  2 howler monkeys (D:8)
  A spectral centaur (D:8)
  4 hounds
  A jelly (D:8)
  2 orc priests
  3 iguanas (D:6)
  Ijyb (D:3)
  4 orc wizards
  Natasha (thrice) (D:3)
  3 sleepcaps
  Terence (D:2)
  A spectral killer bee (D:8)
  Robin (D:2)
  8 gnolls
  8 adders
  A shadow imp (D:6)
  4 white imps
  2 ufetubi (D:7)
  A worm (D:2)
  A dart slug (D:1)
  14 orcs
  2 bats (D:3)
  An endoplasm (D:3)
  2 giant cockroaches
  7 hobgoblins
  3 jackals (D:4)
  4 kobolds
  2 quokkas
  5 ball pythons
  2 frilled lizards
  15 goblins
  A rat (D:2)
171 creatures vanquished.

Vanquished Creatures (others)
  An adder (D:6)
  A fungus (D:8)
  16 plants (D:8)
  16 withered plants (D:8)
34 creatures vanquished.

Grand Total: 205 creatures vanquished

Notes
Turn   | Place    | Note
-------+----------+-------------------------------------------
     0 | D:1      | Kenran the Troll Fighter began the quest for the Orb.
     0 | D:1      | Reached XP level 1. HP: 22/22 MP: 0/0
   128 | D:1      | Found a faded altar of an unknown god.
   446 | D:1      | Reached XP level 2. HP: 29/29 MP: 1/1
   735 | D:2      | Noticed Sigmund
   768 | D:2      | Killed Sigmund
   769 | D:2      | Reached skill level 5 in Unarmed Combat
   769 | D:2      | Reached XP level 3. HP: 27/36 MP: 2/2
   769 | D:2      | Reached XP level 4. HP: 33/44 MP: 3/3
   769 | D:2      | Reached XP level 5. HP: 37/50 MP: 4/4
   846 | D:2      | Noticed Robin
   867 | D:2      | Killed Robin
  1560 | D:3      | Noticed Terence
  1572 | D:2      | Killed Terence
  1573 | D:2      | Reached skill level 6 in Unarmed Combat
  1604 | D:3      | Noticed Ijyb
  1618 | D:3      | Killed Ijyb
  1686 | D:3      | Noticed Natasha
  1695 | D:3      | Killed Natasha
  1696 | D:3      | Reached XP level 6. HP: 46/60 MP: 5/5
  1727 | D:3      | Noticed Natasha
  1739 | D:3      | Killed Natasha
  1762 | D:3      | Noticed Natasha
  1769 | D:3      | Killed Natasha
  1918 | D:3      | Found a glowing silver altar of Zin.
  2274 | D:4      | Noticed a yak
  2275 | D:4      | Noticed a yak
  2275 | D:4      | Noticed a yak
  2275 | D:4      | Noticed a yak
  2275 | D:4      | Noticed a yak
  2288 | D:4      | Reached skill level 7 in Unarmed Combat
  2298 | D:5      | Entered Level 5 of the Dungeon
  2392 | D:5      | Reached XP level 7. HP: 66/67 MP: 6/6
  2461 | D:5      | Reached skill level 8 in Unarmed Combat
  3084 | D:6      | Reached skill level 1 in Throwing
  3147 | D:6      | Found a staircase to the Ecumenical Temple.
  3170 | D:6      | Reached skill level 1 in Evocations
  3170 | D:6      | Reached XP level 8. HP: 53/78 MP: 7/7
  3205 | D:6      | Found a runed translucent door.
  3279 | D:6      | Reached skill level 5 in Fighting
  3290 | D:6      | Found a shimmering altar of Xom.
  3359 | Temple   | Entered the Ecumenical Temple
  3359 | Temple   | Found a transporter.
  3359 | Temple   | Found a transporter.
  3361 | Temple   | Found a transporter.
  3361 | Temple   | Found a transporter.
  3394 | Temple   | Became a worshipper of Warmaster Okawaru
  3516 | D:6      | Noticed Necrophagist's ghost (amateur OpTm)
  3536 | D:6      | Killed Necrophagist's ghost
  3537 | D:6      | Reached skill level 9 in Unarmed Combat
  3710 | D:7      | Reached XP level 9. HP: 83/88 MP: 8/8
  3855 | D:7      | Reached * piety under Okawaru
  4385 | D:8      | Reached skill level 10 in Unarmed Combat
  4565 | D:8      | Reached ** piety under Okawaru
  4585 | D:8      | Noticed a spectral unseen horror
  4589 | D:8      | Killed a spectral unseen horror
  4655 | D:8      | Reached XP level 10. HP: 60/100 MP: 9/9
  4666 | D:8      | Reached skill level 1 in Invocations
  4689 | D:8      | Noticed a skeletal warrior
  4916 | D:4      | Identified a scroll of acquirement
  4917 | D:4      | Acquired the +5 kite shield of Oschawn {Dex+5}
  5110 | D:4      | Found an ancient bone altar of Kikubaaqudgha.
  5155 | D:4      | Found a radiant altar of Vehumet.
  5368 | D:4      | Reached skill level 5 in Shields
  5382 | D:4      | Reached *** piety under Okawaru
  5493 | D:8      | Noticed Psyche
  5508 | D:8      | Killed Psyche
  5512 | D:8      | Received a gift from Okawaru
  5676 | D:8      | Found a staircase to the Lair.
  5720 | D:8      | Noticed Pikel
  5736 | D:8      | Killed Pikel
  5737 | D:8      | Reached skill level 5 in Dodging
  5737 | D:8      | Reached skill level 11 in Unarmed Combat
  5738 | D:8      | Reached **** piety under Okawaru
  5775 | D:8      | Identified the +7 dagger of the Holding Gods {pain, SInv}
  5819 | D:8      | Killed a skeletal warrior
  6054 | D:8      | Noticed Erica
  6055 | D:8      | Noticed Joseph
  6072 | D:8      | HP: 2/102 [something (16)]
  6072 | D:8      | Slain by Erica

Illustrated notes

Levels and vault maps discovered:
D:1:      lemuel_arrival_lava_pool, layout_basic, ebering_ecumenical_altar_mist,
          kennysheep_another_room
D:2:      layout_basic, uniq_robin, uniq_sigmund
D:3:      layout_rooms, zin_scriptorium, hangedman_decor_push,
          minmay_statues_item, uniq_ijyb, uniq_natasha, uniq_terence
D:4:      layout_loops_ring, mainiacjoe_overflow_two_lobes, minmay_surrounded
D:5:      layout_loops_ring
D:6:      layout_rooms, minmay_temple_entry_proselytizer, gammafunk_ghost_grave,
          minmay_ruined_shrine
D:7:      layout_loops_ring, minmay_fractal_squares_5
D:8:      layout_basic, minmay_lair_entry_grove, chequers_serial_rivers_room_a,
          dilly_guarded_unrand_morg, uniq_pikel, uniq_erica, uniq_psyche,
          uniq_joseph
Temple:   hellmonk_temple_divided_pantheon

Skill      XL: |  1  2  3  4  5  6  7  8  9 10 |
---------------+-------------------------------+-----
Unarmed Combat | 5 6 7 8 9 10 11 | 11.8
Fighting       | 3 4 5 7 |  7.0
Throwing       | 2 4 |  4.0
Shields        | 3 4 5 |  5.0
Evocations     | 1 2 |  2.0
Dodging        | 3 5 |  5.0
Invocations    | 3 |  3.0

Action                     |  1- 3 |  4- 6 |  7- 9 | 10-12 || total
---------------------------+-------+-------+-------+-------++-------
  Melee: Unarmed           |    25 |   126 |   245 |   179 ||   575
    Use: Potion            |     1 |       |     4 |     4 ||     9
         Scroll            |       |     2 |     5 |     3 ||    10
   Stab: Sleeping          |       |     1 |       |       ||     1
         Invisible         |       |       |     2 |       ||     2
 Armour: Robe              |     9 |    39 |    83 |    61 ||   192
  Dodge: Dodged            |     9 |    37 |    71 |    49 ||   166
  Block: Kite shield       |     5 |    31 |    83 |    92 ||   211

Table legend: (Time is in decaauts)
 A = Elapsed time spent in this place.
 B = Non-inter-level travel time spent in this place.
 C = Inter-level travel time spent in this place.
 D = Time resting spent in this place.
 E = Time spent auto-exploring this place.
 F = Levels seen in this place.
 G = Mean time per level.
                   A        B        C        D        E       F      G
               +--------+--------+--------+--------+--------+-----+--------+
         Total |   6046 |   5621 |    425 |      5 |   2738 |   9 |  671.8 |
       Dungeon |   5994 |   5584 |    410 |      5 |   2737 |   8 |  749.2 |
        Temple |     51 |     37 |     14 |      0 |      1 |   1 |   51.0 |
               +--------+--------+--------+--------+--------+-----+--------+

Top non-repeatable levels by time:
     D:8: 931 daAuts
     D:4: 875 daAuts
     D:5: 840 daAuts
     D:2: 840 daAuts
     D:1: 734 daAuts
     D:7: 734 daAuts
     D:6: 576 daAuts
     D:3: 461 daAuts
  Temple: 51 daAuts
